 Dungeon Crawl Stone Soup version 0.19.0-18-g426998a (webtiles) character file.

3707 dracos369 the Bludgeoner (level 10, -6/92 HPs)
             Began as an Ogre Monk on Nov 11, 2016.
             Was a Priest of the Shining One.
             Mangled by slayr's ghost (39 damage)
             ... on level 9 of the Dungeon.
             The game lasted 00:33:33 (9028 turns).

dracos369 the Bludgeoner (Ogre Monk)                Turns: 9028, Time: 00:33:34

Health: -6/92      AC:  3    Str: 20    XL:     10   Next: 14%
Magic:  13/13      EV: 11    Int:  9    God:    the Shining One [***...]
Gold:   514        SH:  0    Dex: 17    Spells: 0 memorised, 9 levels left

rFire  . . .     SeeInvis .     x - +0 giant club
rCold  . . .     Gourm    .     b - +0 robe
rNeg   + . .     Faith    .     (shield currently unavailable)
rPois  .         Spirit   .     (helmet restricted)
rElec  .         Reflect  .     (no cloak)
rCorr  .         Harm     .     (gloves unavailable)
MR     +....                    (boots unavailable)
Stlth  +.........               (no amulet)
                                (no ring)
                                C - +4 ring of dexterity

@: glowing
A: unfitting armour, blink, tough skin 1
a: Blink, Divine Shield, Renounce Religion


You were on level 9 of the Dungeon.
You worshipped the Shining One.
The Shining One was most pleased with you.
You were hungry.

You visited 2 branches of the dungeon, and saw 10 of its levels.
You also visited: Ossuary.

You collected 514 gold pieces.

Inventory:

Hand Weapons
 x - a +0 giant club (weapon)
Missiles
 l - 2 large rocks (quivered)
 y - 5 javelins
Armour
 b - a +0 robe (worn)
Jewellery
 v - an uncursed ring of fire
 C - a +4 ring of dexterity (left hand)
 G - an uncursed ring of wizardry
Wands
 m - a wand of flame (28/48)
 w - a wand of lightning (10/15)
Scrolls
 e - 3 scrolls of recharging {unknown}
 g - 2 scrolls of blinking {unknown}
 h - 2 scrolls of random uselessness {unknown}
 j - 2 scrolls of magic mapping
 o - 3 scrolls of fear
 r - 2 scrolls of enchant weapon {unknown}
 t - 8 scrolls of remove curse
 u - 2 scrolls of enchant armour {unknown}
 D - 3 scrolls of teleportation {unknown}
 F - a scroll of amnesia {unknown}
Potions
 d - 2 potions of lignification
 i - 2 potions of agility
 n - a potion of cancellation
 p - 2 potions of might
 q - a potion of magic
 s - 4 potions of curing
 z - 3 potions of brilliance
 A - 2 potions of haste
 H - a potion of resistance
Books
 B - a book of Geomancy

   Spells                             Type                      Level
   a - Sandblast                      Earth                        1
   b - Passwall                       Transmutation/Earth          2
   c - Stone Arrow                    Conjuration/Earth            3
   d - Petrify                        Transmutation/Earth          4
   e - Lee's Rapid Deconstruction     Earth                        5
 E - a book of Conjurations

   Spells                             Type                      Level
   a - Magic Dart                     Conjuration                  1
   b - Searing Ray                    Conjuration                  2
   c - Dazzling Spray                 Conjuration/Hexes            3
   d - Fulminant Prism                Conjuration/Hexes            4
   e - Iskenderun's Mystic Blast      Conjuration                  4
   f - Iskenderun's Battlesphere      Conjuration/Charms           5
 J - a book of Debilitation

   Spells                             Type                      Level
   a - Corona                         Hexes                        1
   b - Slow                           Hexes                        2
   c - Gell's Gravitas                Hexes/Translocation          3
   d - Inner Flame                    Hexes/Fire                   3
   e - Cause Fear                     Hexes                        4
   f - Leda's Liquefaction            Hexes/Earth                  4
Comestibles
 a - 3 meat rations
 c - 5 bread rations
 f - 2 beef jerkies
 k - a slice of pizza


   Skills:
 - Level 4.0 Fighting
 + Level 16.1 Maces & Flails
 - Level 4.0 Throwing
 - Level 2.6 Dodging
 - Level 1.4 Stealth
 + Level 4.1 Invocations


You had 9 spell levels left.
You didn't know any spells.

Dungeon Overview and Level Annotations

Branches:
Dungeon (9/15)             Temple (1/1) D:5
   Lair: D:8-11         Orc: D:9-12

Altars:
Ashenzari
Cheibriados
Dithmenos
Elyvilon
Fedhas
Gozag
Hepliaklqana
Kikubaaqudgha
Makhleb
Nemelex Xobeh
Okawaru
Qazlal
Ru
Sif Muna
Trog
Uskayaw
Vehumet
Xom
Yredelemnul
Zin
The Shining One

Annotations:
D:8 Gastronok
D:9 slayr's ghost, journeyman TrMo


Innate Abilities, Weirdness & Mutations

You are too large for most types of armour.
You have tough skin. (AC +1)
You can translocate small distances at will.


Message History

Slayr's ghost is heavily damaged.
You sock slayr's ghost!
Slayr's ghost is heavily damaged.
Slayr's ghost hits you!
You closely miss slayr's ghost.
Slayr's ghost is heavily damaged.
Slayr's ghost hits you!
You sock slayr's ghost!
Slayr's ghost is severely damaged.
Slayr's ghost hits you!!
You are feeling hungry.
You bludgeon slayr's ghost!!
Slayr's ghost is severely damaged.
Slayr's ghost completely misses you.
You hit slayr's ghost.
Slayr's ghost is almost destroyed.
You closely miss slayr's ghost.
Slayr's ghost is almost destroyed.
Slayr's ghost hits you!!!
You die...

##########
#.>......######..
#........@W(..'((
#........######..
## #........# #.
.##........# #.
..'........# +.
#........# #.
#####'#### ## #.#
## # #.# #. #


You could see slayr's ghost.

Vanquished Creatures
  Pikel (D:7)
  The ghost of herpmino the Chopper, an amateur HuWr (D:3)
  A black bear (D:8)
  An orc warrior (D:7)
  A necrophage (D:7)
  A phantom (D:5)
  2 ice beasts
  5 ogres
  4 centaurs
  4 bullfrogs
  8 scorpions
  2 howler monkeys
  A bullfrog zombie (D:6)
  2 crimson imps (D:6)
  A jelly (D:8)
  4 centaur zombies
  4 hounds
  4 orc wizards
  A bullfrog skeleton (D:8)
  4 human zombies (Ossuary)
  2 orc priests (D:3)
  3 worker ants
  An iguana (D:4)
  A killer bee zombie (D:7)
  2 hound zombies (D:8)
  2 hound skeletons
  A howler monkey zombie (D:5)
  3 mummies (Ossuary)
  6 adders
  4 scorpion zombies (Ossuary)
  A shadow imp (D:7)
  An adder skeleton (D:4)
  An adder zombie (D:5)
  A worm (D:2)
  A dart slug (D:3)
  5 leopard geckos
  11 orcs
  3 ball pythons
  6 giant cockroaches
  2 gnoll zombies (Ossuary)
  7 goblins
  8 hobgoblins
  7 jackals
  7 quokkas
  4 bats
  5 frilled lizards
  3 goblin zombies (Ossuary)
  7 kobolds
  2 kobold zombies (Ossuary)
  An orc zombie (Ossuary)
  A quokka skeleton (D:5)
  7 rats
168 creatures vanquished.

Vanquished Creatures (others)
  A centaur (D:7)
  3 scorpions (Ossuary)
  2 worker ants (D:7)
  A bush (D:7)
7 creatures vanquished.

Grand Total: 175 creatures vanquished

Notes
Turn   | Place    | Note
-------+----------+-------------------------------------------
     0 | D:1      | dracos369 the Ogre Monk began the quest for the Orb.
     0 | D:1      | Reached XP level 1. HP: 24/24 MP: 1/1
   180 | D:1      | Reached XP level 2. HP: 19/32 MP: 2/2
   284 | D:1      | Reached skill level 5 in Maces & Flails
   561 | D:1      | Reached XP level 3. HP: 19/39 MP: 3/3
   808 | D:3      | Noticed herpmino's ghost (amateur HuWr)
  1068 | D:2      | Found a shattered altar of Ashenzari.
  1154 | D:2      | Reached skill level 1 in Throwing
  1323 | D:2      | Reached XP level 4. HP: 40/48 MP: 4/4
  1393 | D:2      | Reached skill level 6 in Maces & Flails
  1919 | D:4      | Found a white marble altar of Elyvilon.
  1991 | D:4      | Found a sand-covered staircase.
  1996 | Ossuary  | Entered an ossuary
  2253 | Ossuary  | Reached XP level 5. HP: 16/54 MP: 5/5
  2597 | Ossuary  | Reached skill level 7 in Maces & Flails
  2698 | Ossuary  | Reached XP level 6. HP: 29/62 MP: 6/6
  3138 | Ossuary  | Reached skill level 8 in Maces & Flails
  3294 | Ossuary  | Reached XP level 7. HP: 46/70 MP: 7/7
  3495 | Ossuary  | Reached skill level 9 in Maces & Flails
  4459 | D:4      | Reached skill level 10 in Maces & Flails
  4488 | D:4      | Reached XP level 8. HP: 59/78 MP: 8/8
  4842 | D:5      | Entered Level 5 of the Dungeon
  4888 | D:5      | Reached skill level 11 in Maces & Flails
  5013 | D:5      | Found a staircase to the Ecumenical Temple.
  5053 | Temple   | Entered the Ecumenical Temple
  5651 | D:6      | Reached skill level 12 in Maces & Flails
  6253 | D:7      | Found a glowing golden altar of the Shining One.
  6253 | D:7      | Found a bloodstained altar of Trog.
  6254 | D:7      | Found a deep blue altar of Sif Muna.
  6254 | D:7      | Found a hazy altar of Hepliaklqana.
  6256 | D:7      | Found a hide-covered altar of Uskayaw.
  6256 | D:7      | Found a blossoming altar of Fedhas.
  6260 | D:7      | Became a worshipper of the Shining One
  6260 | D:7      | Reached * piety under the Shining One
  6260 | D:7      | Reached ** piety under the Shining One
  6261 | D:7      | Reached skill level 13 in Maces & Flails
  6316 | D:7      | Noticed Pikel
  6330 | D:7      | Killed Pikel
  6330 | D:7      | Reached skill level 14 in Maces & Flails
  6330 | D:7      | Reached XP level 9. HP: 42/84 MP: 9/9
  6578 | D:7      | Reached skill level 15 in Maces & Flails
  7365 | D:3      | Found a faded altar of an unknown god.
  7509 | D:3      | Gained mutation: You can translocate small distances at will. [potion of beneficial mutation]
  7603 | D:3      | Found a shadowy altar of Dithmenos.
  7604 | D:3      | Found an iron altar of Okawaru.
  7689 | D:3      | Killed herpmino's ghost
  7689 | D:3      | Reached skill level 1 in Invocations
  8523 | D:8      | Noticed Gastronok
  8575 | D:9      | Reached XP level 10. HP: 92/92 MP: 12/12
  8634 | D:9      | Reached skill level 16 in Maces & Flails
  8671 | D:9      | Found a stormy altar of Qazlal.
  8697 | D:9      | Reached *** piety under the Shining One
  9017 | D:9      | Noticed slayr's ghost (journeyman TrMo)
  9028 | D:9      | Mangled by slayr's ghost

Skill      XL: |  1  2  3  4  5  6  7  8  9 10 |
---------------+-------------------------------+-----
Maces & Flails | 5 6 7 8 10 14 15 16 | 16.1
Throwing       | 1 2 3 4 |  4.0
Invocations    | 2 4 |  4.1
Fighting       | |  4.0
Dodging        | |  2.6
Stealth        | |  1.4

Action                   |  1- 3 |  4- 6 |  7- 9 | 10-12 || total
-------------------------+-------+-------+-------+-------++-------
Melee: Mace              |   137 |   162 |    64 |       ||   363
       Giant club        |       |       |   184 |    21 ||   205
Throw: Large rock        |       |    10 |    21 |     3 ||    34
       Javelin           |       |       |     3 |     1 ||     4
  Use: Potion            |     1 |     2 |     4 |       ||     7
       Scroll            |       |     3 |    13 |       ||    16
 Stab: Sleeping          |     2 |     1 |     4 |       ||     7
       Distracted        |     1 |     1 |       |       ||     2
  Eat: Chunk             |     2 |     1 |    13 |     1 ||    17
       Royal jelly       |       |     1 |       |       ||     1
       Meat ration       |       |     1 |       |       ||     1
       Beef jerky        |       |       |     1 |       ||     1
Armor: Robe              |    45 |    29 |    25 |     2 ||   101
Dodge: Dodged            |    81 |    52 |   106 |    10 ||   249
